 Dungeon Crawl Stone Soup version 0.24.0-123-gd5b16e6ec5 (webtiles) character file.

Game seed: 7645987382071011618, levelgen mode: deterministic

404442 mortelune the Slayer (level 22, -13/213 HPs)
             Began as a Minotaur Monk on Dec 27, 2019.
             Was a High Priest of the Shining One.
             Killed from afar by a crystal guardian (76 damage)
             ... with a crystal bolt
             ... on level 2 of the Depths.
             The game lasted 02:57:41 (66565 turns).

mortelune the Slayer (Minotaur Monk)               Turns: 66565, Time: 02:57:41

Health: -13/213    AC: 45    Str: 26    XL:     22   Next: 34%
Magic:  32/42      EV: 14    Int: 11    God:    the Shining One [*****.]
Gold:   3958       SH: 17    Dex: 19    Spells: 21/21 levels left

rFire    + . .     SeeInvis .   a - +5 scimitar "Ultimatum" {slice, +Inv rC- MP+9}
rCold    x x .     Gourm    .   (no shield)
rNeg     + + .     Faith    .   j - +8 orange crystal plate armour {Archmagi, Int+3 Clar}
rPois    .         Spirit   .   L - +1 hat
rElec    .         Reflect  +   s - scarf {repulsion}
rCorr    .         Harm     .   g - +2 pair of gloves
MR       +....     Clarity  +   F - +1 pair of boots of a Gauntlet {Int+3 Dex+4 Stlth+}
Stlth    ..........             H - +5 amulet of reflection
HPRegen  0.45/turn              U - +2 ring of protection
MPRegen  0.28/turn              x - ring of fire

@: divine shield, glowing, repel missiles
A: retaliatory headbutt, horns 2, blink, dopey 1, strong 1, subdued magic 1
}: 2/15 runes: decaying, gossamer
a: Blink, Divine Shield, Cleansing Flame, Summon Divine Warrior, Renounce
Religion, Evoke Invisibility


You were on level 2 of the Depths.
You worshipped the Shining One.
The Shining One was extremely pleased with you.
You were hungry.

You visited 8 branches of the dungeon, and saw 39 of its levels.
You also visited: Gauntlet and Volcano.

You collected 4116 gold pieces.
You spent 158 gold pieces at shops.

Inventory:

Hand Weapons
 a - the +5 scimitar "Ultimatum" (weapon) {slice, +Inv rC- MP+9}
   (You found it on level 5 of the Lair of Beasts)

   It inflicts extra damage upon your enemies.
   It makes you vulnerable to cold.
   It affects your magic capacity (+9).
   It lets you turn invisible.
 N - the +9 long sword "Maprec" {antimagic, -Tele rPois rF+++}
   (You found it on level 1 of the Depths)

   It reduces the magical energy of the wielder, and disrupts the spells and
   magical abilities of those hit.
   Natural abilities and divine invocations are not affected.
   It renders you almost immune to fire.
   It protects you from poison.
   It prevents most forms of teleportation.
 T - a +6 arbalest
Missiles
 P - 1242 bolts
Armour
 g - a +2 pair of gloves (worn)
 h - a scarf of cloud immunity
 j - the +8 orange crystal plate armour (worn) {Archmagi, Int+3 Clar}
   (You found it on level 2 of the Vaults)

   It affects your intelligence (+3).
   It protects you against confusion.
 s - a scarf of repulsion (worn)
 B - the +1 pair of boots "Epteg" {rPois rC- rN+++ Stlth+}
   (You found it on level 6 of the Dungeon)

   It makes you vulnerable to cold.
   It protects you from poison.
   It renders you almost immune to negative energy.
   It makes you more stealthy.
 D - a +6 crystal plate armour
 F - the +1 pair of boots of a Gauntlet (worn) {Int+3 Dex+4 Stlth+}
   (You acquired it on level 1 of the Spider Nest)

   It affects your intelligence (+3).
   It affects your dexterity (+4).
   It makes you more stealthy.
 L - a +1 hat (worn)
 R - the +1 fire dragon scales of the Prince of Darkness {rF++ rC- MR+}
   (You found it on level 2 of the Swamp)

   It greatly protects you from fire.
   It makes you vulnerable to cold.
   It affects your resistance to hostile enchantments.
Jewellery
 k - an uncursed ring of poison resistance
 l - an uncursed ring of protection from cold
 x - a ring of fire (right hand)
 H - a +5 amulet of reflection (around neck)
 S - an uncursed ring of resist corrosion
 U - a +2 ring of protection (left hand)
 V - a +3 ring of evasion
Wands
 e - a wand of digging (6)
 w - a wand of acid (12)
 I - a wand of iceblast (24)
Scrolls
 b - a scroll of holy word
 f - 5 scrolls of fog
 i - 6 scrolls of fear
 n - 11 scrolls of teleportation
 o - 26 scrolls of remove curse
 p - 8 scrolls of immolation
 q - a scroll of magic mapping
 t - a scroll of summoning
 u - 3 scrolls of blinking
 J - a scroll of silence
 O - 6 scrolls of enchant weapon
 Y - 2 scrolls of acquirement
 Z - a scroll of enchant armour
Potions
 d - a potion of agility
 m - 4 potions of curing
 r - 6 potions of cancellation
 z - 5 potions of flight
 A - 3 potions of berserk rage
 C - 9 potions of ambrosia
 E - 2 potions of magic
 G - 5 potions of haste
 K - 8 potions of heal wounds
 M - 7 potions of might
 Q - 4 potions of brilliance
 W - 5 potions of mutation
 X - 3 potions of resistance
Miscellaneous
 y - a phantom mirror
Comestibles
 c - 45 rations
 v - 2 chunks of flesh


   Skills:
 + Level 21.4 Fighting
 - Level 17.5 Long Blades
 - Level 18.0 Crossbows
 + Level 21.2 Armour
 - Level 12.3 Dodging
 - Level 1.5 Stealth
 - Level 16.0 Invocations
 - Level 10.0 Evocations


You had 21 spell levels left.
You didn't know any spells.
Your spell library contained the following spells:

 Spells                   Type           Power        Failure   Level  Hunger
 Animate Skeleton         Necr           N/A          99%         1    ##.....
 Apportation              Tloc           #.....       99%         1    ##.....
 Confusing Touch          Hex            #.....       99%         1    ##.....
 Flame Tongue             Conj/Fire      #....        99%         1    ##.....
 Freeze                   Ice            #...         99%         1    ##.....
 Infusion                 Chrm           #...         99%         1    ##.....
 Magic Dart               Conj           #...         99%         1    ##.....
 Sandblast                Erth           #.....       99%         1    ##.....
 Shock                    Conj/Air       #...         99%         1    ##.....
 Sting                    Conj/Pois      #...         99%         1    ##.....
 Summon Butterflies       Summ           #.......     99%         1    ##.....
 Summon Small Mammal      Summ           #...         99%         1    ##.....
 Blink                    Tloc           N/A          99%         2    ###....
 Call Imp                 Summ           #.......     99%         2    ###....
 Corpse Rot               Necr           N/A          99%         2    ###....
 Ensorcelled Hibernation  Hex/Ice        #.....       99%         2    ###....
 Passwall                 Tmut/Erth      #.......     99%         2    ###....
 Poisonous Vapours        Pois/Air       #.....       99%         2    ###....
 Shroud of Golubria       Chrm/Tloc      #.....       99%         2    ###....
 Slow                     Hex            #.......     99%         2    ###....
 Song of Slaying          Chrm           #.......     99%         2    ###....
 Swiftness                Chrm/Air       #.......     99%         2    ###....
 Throw Flame              Conj/Fire      #.....       99%         2    ###....
 Throw Frost              Conj/Ice       #.....       99%         2    ###....
 Call Canine Familiar     Summ           #.......     100%        3    ####...
 Confuse                  Hex            #.......     100%        3    ####...
 Conjure Flame            Conj/Fire      #.......     100%        3    ####...
 Dazzling Spray           Conj/Hex       #.....       100%        3    ####...
 Gell's Gravitas          Tloc           #.........   100%        3    ####...
 Inner Flame              Hex/Fire       #.......     100%        3    ####...
 Lesser Beckoning         Tloc           #.........   100%        3    ####...
 Mephitic Cloud           Conj/Pois/Air  #.......     100%        3    ####...
 Ozocubu's Armour         Chrm/Ice       #.......     100%        3    ####...
 Recall                   Summ/Tloc      N/A          100%        3    ####...
 Regeneration             Chrm/Necr      #.........   100%        3    ####...
 Spectral Weapon          Hex/Chrm       #.......     100%        3    ####...
 Spider Form              Tmut/Pois      #.........   100%        3    ####...
 Static Discharge         Conj/Air       #.......     100%        3    ####...
 Stone Arrow              Conj/Erth      #.....       100%        3    ####...
 Summon Guardian Golem    Hex/Summ       #.......     100%        3    ####...
 Tukima's Dance           Hex            #.......     100%        3    ####...
 Vampiric Draining        Necr           #.........   100%        3    ####...
 Airstrike                Air            #.........   100%        4    #####..
 Animate Dead             Necr           N/A          100%        4    #####..
 Cause Fear               Hex            #.........   100%        4    #####..
 Fulminant Prism          Conj/Hex       #.........   100%        4    #####..
 Leda's Liquefaction      Hex/Erth       #.........   100%        4    #####..
 Olgreb's Toxic Radiance  Pois           #.......     100%        4    #####..
 Petrify                  Tmut/Erth      #.......     100%        4    #####..
 Summon Ice Beast         Ice/Summ       #.......     100%        4    #####..
 Summon Lightning Spire   Summ/Air       #.......     100%        4    #####..
 Throw Icicle             Conj/Ice       #.......     100%        4    #####..
 Alistair's Intoxication  Tmut/Pois      #.......     100%        5    ######.
 Bolt of Draining         Conj/Necr      #.........   100%        5    ######.
 Bolt of Magma            Conj/Fire/Erth #.........   100%        5    ######.
 Borgnjor's Vile Clutch   Necr/Erth      #.........   100%        5    ######.
 Fireball                 Conj/Fire      #.........   100%        5    ######.
 Lee's Rapid Deconstruct  Erth           #.........   100%        5    ######.
 Lightning Bolt           Conj/Air       #.........   100%        5    ######.
 Metabolic Englaciation   Hex/Ice        #.........   100%        5    ######.
 Silence                  Hex/Air        #.........   100%        5    ######.
 Summon Forest            Summ/Tloc      #.........   100%        5    ######.
 Venom Bolt               Conj/Pois      #.........   100%        5    ######.
 Yara's Violent Unravell  Hex/Tmut       #.........   100%        5    ######.
 Bolt of Fire             Conj/Fire      #.........   100%        6    #######
 Darkness                 Hex            #.........   100%        6    #######
 Death Channel            Necr           #.........   100%        6    #######
 Hydra Form               Tmut           #.........   100%        6    #######
 Invisibility             Hex            #.......     100%        6    #######
 Poison Arrow             Conj/Pois      #.........   100%        6    #######
 Shadow Creatures         Summ           N/A          100%        6    #######
 Simulacrum               Ice/Necr       #.........   100%        6    #######
 Statue Form              Tmut/Erth      #........    100%        6    #######
 Dragon Form              Tmut           #.........   100%        7    #######
 Summon Hydra             Summ           #.........   100%        7    #######
 Chain Lightning          Conj/Air       #.........   100%        8    #######
 Lehudib's Crystal Spear  Conj/Erth      #.........   100%        8    #######
 Dragon's Call            Summ           #.........   100%        9    #######
 Fire Storm               Conj/Fire      #.........   100%        9    #######
 Glaciate                 Conj/Ice       #.........   100%        9    #######


Dungeon Overview and Level Annotations

Branches:
Dungeon (15/15)            Temple (0/1) D:7            Lair (6/6) D:8
  Swamp (4/4) Lair:3       Spider (4/4) Lair:4        Slime (0/5) Lair:6
    Orc (2/2) D:9             Elf (2/3) Orc:2        Vaults (3/5) D:13
  Crypt (0/3) Vaults:2     Depths (3/5) D:15        Volcano (visited)
Gauntlet (visited)

Altars:
Dithmenos
Elyvilon
Hepliaklqana
Kikubaaqudgha
Makhleb
Nemelex Xobeh
Ru
Sif Muna
Trog
Uskayaw
Vehumet
Wu Jian
Xom
Yredelemnul
The Shining One
Jiyva

Shops:
D:9 (   Orc:2 (***   Elf:1 :

Portals:
Hell: Depths:1 Depths:2 Depths:3
Pandemonium: Depths:1 Depths:2


Innate Abilities, Weirdness & Mutations

You reflexively headbutt those who attack you in melee.
You have a pair of horns on your head.
You can translocate small distances at will.
You are dopey. (Int -2)
Your muscles are strong. (Str +2)
Your spells are a little easier to cast, but a little less powerful.


Message History

g - Guard the area. f - Follow me.
Anything else - Cancel.
Gang up on whom?
Press: ? - help, Dir - move target cursor, f - crystal guardian
Aim: a crystal guardian (heavily damaged, haloed) Attack!
Your daeva calls down the wrath of the Shining One upon the crystal guardian.
The crystal guardian is smitten.
The crystal guardian fires a crystalline bolt at you.
The crystal bolt burns you! You resist.
Your daeva calls down the wrath of the Shining One upon the crystal guardian.
The crystal guardian is smitten.
The crystal guardian fires a crystalline bolt at you.
The crystal bolt freezes you!!
You feel a terrible chill!
* * * LOW HITPOINT WARNING * * *
Unknown command.
Your daeva hits the crystal guardian but does no damage. x2
The crystal guardian fires a crystalline bolt at you.
The crystal bolt freezes you!!!!
You feel a terrible chill!
You die...

#..## ###...# ##.#..##
#......# ##..####
##...#..###
###.#..#..#.####
###.#.......#....########
##......###.....@...8....#
)..#..###.≈≈≈≈≈≈≈≈≈≈≈A≈≈.#
)..#..#.#.≈############≈.#
)'###...[.≈# ..... #§##
..###.)#)#≈# .$$=.. #8#
...##.##.#≈# ..?)$.##≈#
....#.....≈# ..??/(##≈#
)...#....#≈# %(...$'≈≈#
)..##.#...≈# .=....##≈#


You could see a crystal guardian and a friendly daeva.

Vanquished Creatures
  Frederick (Vaults:3)
  Nikola (Swamp:2)
  Arachne (Spider:2)
  Rupert (D:14)
  Jorgrun (Spider:1)
  2 sphinxes
  An acid blob (Depths:2)
  5 thorn hunters
  Agnes (D:15)
  A storm dragon (Vaults:1)
  Kirke (D:13)
  Donald (Swamp:3)
  5 fire giants
  6 vault wardens
  2 orc warlords (Depths:2)
  3 ghost moths
  2 balrugs
  4 frost giants
  3 emperor scorpions
  2 deep elf sorcerers
  Aizul (Spider:1)
  Louise (D:15)
  5 very ugly things
  9 stone giants
  A war gargoyle (Vaults:2)
  8 ironheart preservers
  3 spriggan defenders (Depths:3)
  3 entropy weavers
  3 black draconians (Depths:2)
  Azrael (D:14)
  A minotaur (Gauntlet)
  The ghost of Fica the Slinger, a journeyman HaHu of Okawaru (Lair:5)
  2 spark wasps (Depths:1)
  2 deep elf annihilators
  A dire elephant (Lair:5)
  6 deep elf death magi
  4 fire dragons
  8 ettins
  2 jiangshi (Depths:3)
  5 yaktaur captains
  3 merfolk impalers
  A great orb of eyes (shapeshifter) (Vaults:2)
  3 rakshasas
  3 ice dragons
  12 great orbs of eyes
  12 vault guards
  2 catoblepae
  A merfolk avatar (Depths:2)
  28 hydras
  A shambling mangrove (Swamp:3)
  8 ogre magi
  A merfolk aquamancer (Depths:2)
  2 ghost crabs
  4 death knights
  An anaconda (Lair:6)
  13 alligators
  25 two-headed ogres
  22 dancing weapons
  7 death yaks
  8 centaur warriors
  A two-headed ogre (shapeshifter) (Vaults:3)
  4 deep troll shamans
  A queen ant (shapeshifter) (Vaults:3)
  5 spriggan berserkers
  2 orc high priests
  4 vampire magi
  3 deep troll earth magi
  3 tengu warriors
  24 deep elf knights
  2 sun demons (Depths:1)
  Nergalle (D:11)
  6 skeletal warriors
  An iron troll (Depths:1)
  A fire crab (shapeshifter) (Vaults:3)
  A golden dragon zombie (D:15)
  3 hell knights
  3 flayed ghosts
  15 deep trolls
  4 glowing orange brains
  6 swamp dragons
  3 wizards
  A spriggan druid (Swamp:4)
  11 deep elf archers
  A torturous demonspawn (Depths:2)
  The ghost of Nilihum the Ruffian, a novice NaTm (D:6)
  An orange crystal statue (Depths:2)
  A lindwurm (Lair:6)
  3 phantasmal warriors
  4 necromancers
  17 orb spiders
  7 harpies
  6 ironbrand convokers
  18 orc knights
  2 wolf spider zombies (D:14)
  45 deep elf magi
  A tengu skeleton (D:15)
  2 orc sorcerers (Elf:1)
  37 ugly things
  35 wolf spiders
  33 slime creatures
  A wolf spider (shapeshifter) (Vaults:2)
  2 manticores
  3 moths of wrath
  A moth of wrath (shapeshifter) (Vaults:1)
  A stone giant skeleton (D:15)
  25 elephants
  A frost giant skeleton (D:15)
  6 cyclopes
  5 black mambas
  A black mamba (shapeshifter) (Vaults:3)
  4 centaur zombies
  5 vault sentinels
  3 torpor snails
  4 molten gargoyles
  22 spiny frogs
  2 rust devils
  Psyche (D:12)
  6 gargoyles
  32 yaktaurs
  5 rime drakes
  6 freezing wraiths
  An ice devil (Depths:2)
  8 komodo dragons
  2 polar bears (Lair:6)
  7 trolls
  A queen bee (D:8)
  40 jumping spiders
  4 tengu conjurers
  7 demonic crawlers
  A hornet (shapeshifter) (Vaults:3)
  6 red devils
  A wind drake (shapeshifter) (Vaults:3)
  A meliai (shapeshifter) (Gauntlet)
  22 hornets
  5 tyrant leeches
  A blink frog (shapeshifter) (Vaults:2)
  13 blink frogs
  A sphinx simulacrum (Vaults:3)
  9 bog bodies
  15 dream sheep
  4 hippogriffs
  2 large abominations (Elf:1)
  2 air elementals
  Sigmund (D:3)
  A vampire (D:13)
  21 tarantellas
  A redback (shapeshifter) (Elf:2)
  5 spriggans
  3 shadows
  5 wraiths
  61 redbacks
  Eustachio (D:6)
  9 fire bats (Volcano)
  6 water elementals
  A wyvern (D:5)
  2 fire elementals (Elf:1)
  A human (D:13)
  A basilisk (shapeshifter) (Depths:1)
  3 hogs (D:13)
  58 yaks
  5 basilisks
  3 hungry ghosts
  9 vampire mosquitoes
  4 wargs
  18 swamp worms
  9 hell hounds
  11 insubstantial wisps
  6 porcupines
  13 water moccasins
  Duvessa (D:5)
  A floating eye (Depths:1)
  9 swamp drakes
  53 orc warriors
  2 black bears (D:9)
  7 ice beasts
  2 eyes of draining
  A black bear (shapeshifter) (Vaults:1)
  2 phantoms (D:14)
  A sky beast (D:7)
  10 wolves
  5 boggarts (Depths:2)
  19 ogres
  32 centaurs
  10 crocodiles
  4 elf zombies (Elf:1)
  A big kobold (D:9)
  Blork the orc (D:6)
  23 bullfrogs
  A gnoll sergeant (D:10)
  3 earth elementals
  3 wyvern zombies
  Dowan (D:5)
  A wyvern skeleton (D:6)
  2 scorpions
  17 killer bees (D:8)
  9 wights
  3 electric eels (D:11)
  3 howler monkeys
  9 crimson imps
  13 lava snakes
  12 hounds
  6 jellies
  3 bullfrog zombies
  2 quasits
  28 orc priests
  A gnoll shaman (D:7)
  5 bullfrog skeletons
  3 centaur skeletons
  6 iguanas
  19 orc wizards
  17 worker ants
  A killer bee zombie (D:6)
  A hound zombie (D:11)
  2 hound skeletons
  A howler monkey zombie (D:11)
  A worker ant zombie (D:5)
  10 gnolls
  3 adders
  2 shadow imps
  2 adder skeletons
  5 worms
  A ball lightning (Depths:2)
  2 dart slugs
  9 leopard geckos
  104 orcs
  3 ball pythons
  12 giant cockroaches
  5 goblins
  7 hobgoblins
  5 jackals
  6 kobolds
  3 quokkas
  3 bats
  6 frilled lizards
  A goblin zombie (D:4)
  6 rats
  A fungus (Lair:4)
  2 plants (Lair:3)
1689 creatures vanquished.

Vanquished Creatures (collateral kills)
  A sphinx (Vaults:2)
  A storm dragon (Vaults:2)
  Roxanne (Spider:1)
  A tengu reaver (Vaults:2)
  A frost giant (Vaults:3)
  An orc warlord (Orc:2)
  2 vault wardens (Vaults:3)
  3 emperor scorpions
  A ghost moth (Spider:4)
  4 ironheart preservers
  A ghoul (Vaults:1)
  A stone giant (Vaults:3)
  2 entropy weavers
  A red draconian (Volcano)
  A spark wasp (Spider:2)
  A crystal guardian (Depths:2)
  A great orb of eyes (Vaults:3)
  A fire dragon (Depths:2)
  A yaktaur captain (Vaults:3)
  6 vault guards
  2 hydras (Swamp:4)
  Fannar (Lair:2)
  3 two-headed ogres (Vaults:2)
  A death knight (Vaults:1)
  A catoblepas (Depths:2)
  A dancing weapon (Vaults:3)
  2 death yaks (Lair:5)
  A shadow wraith (Vaults:3)
  A wizard (Vaults:3)
  4 deep elf archers
  2 deep trolls
  3 swamp dragons (Swamp:4)
  2 deep elf magi
  An orc knight (D:13)
  2 orb spiders
  8 wolf spiders
  2 oklob plants (Lair:4)
  3 ugly things
  A shining eye (shapeshifter) (Vaults:2)
  A moth of wrath (Spider:4)
  3 elephants (Lair:6)
  A torpor snail (Spider:2)
  A gargoyle (Gauntlet)
  2 freezing wraiths
  A komodo dragon (Lair:6)
  5 yaktaurs
  2 demonic crawlers (Spider:2)
  A tengu conjurer (D:13)
  7 jumping spiders
  3 hornets
  3 blink frogs (Lair:2)
  12 redbacks
  4 tarantellas (Spider:2)
  A wraith (D:14)
  A fire bat (Volcano)
  6 orc warriors
  2 ogres
  A glowing shapeshifter simulacrum (Vaults:3)
  An orc priest (Orc:2)
  An orc (Orc:2)
132 creatures vanquished.

Vanquished Creatures (others)
  An entropy weaver (Vaults:2)
  A centaur warrior (Depths:2)
  3 deep elf archers
  A vault sentinel (Vaults:3)
  A yaktaur (Vaults:3)
  A jumping spider (Spider:4)
  A human (D:13)
  2 orc warriors (Orc:2)
  3 centaurs
  2 ball lightnings (Depths:2)
  5 orcs
  4 demonic plants (Gauntlet)
  9 fungi
  12 plants
  A withered plant (D:15)
47 creatures vanquished.

Grand Total: 1868 creatures vanquished

Notes
Turn   | Place    | Note
-------+----------+-------------------------------------------
     0 | D:1      | mortelune the Minotaur Monk began the quest for the Orb.
     0 | D:1      | Reached XP level 1. HP: 19/19 MP: 0/0
   830 | D:1      | Reached XP level 2. HP: 27/27 MP: 1/1
  1026 | D:1      | Reached skill level 1 in Armour
  1366 | D:2      | Reached XP level 3. HP: 33/33 MP: 2/2
  1504 | D:2      | Found a shimmering altar of Xom.
  1604 | D:2      | Found a white marble altar of Elyvilon.
  1917 | D:2      | Reached XP level 4. HP: 40/40 MP: 3/3
  2085 | D:3      | Found a hide-covered altar of Uskayaw.
  2105 | D:3      | Reached skill level 5 in Long Blades
  2151 | D:3      | Noticed Sigmund
  2179 | D:3      | Found a sparkling altar of Nemelex Xobeh.
  2195 | D:4      | Reached XP level 5. HP: 17/47 MP: 4/4
  2521 | D:3      | Killed Sigmund
  2521 | D:3      | Reached skill level 5 in Fighting
  2521 | D:3      | Reached XP level 6. HP: 7/56 MP: 5/5
  2894 | D:3      | Found a burning altar of Makhleb.
  3751 | D:4      | Reached XP level 7. HP: 61/61 MP: 6/6
  3787 | D:4      | Found a runed translucent door.
  3787 | D:4      | Noticed a human
  3793 | D:4      | Found a basalt altar of Yredelemnul.
  3894 | D:4      | Reached skill level 5 in Dodging
  4344 | D:5      | Entered Level 5 of the Dungeon
  4407 | D:5      | Noticed Duvessa
  4407 | D:5      | Noticed Dowan
  4416 | D:5      | Gained mutation: Your muscles are strong. (Str +2) [potion
                  | of mutation]
  4416 | D:5      | Gained mutation: You are dopey. (Int -2) [potion of
                  | mutation]
  4416 | D:5      | Gained mutation: You can translocate small distances at
                  | will. [potion of mutation]
  4424 | D:5      | Killed Duvessa
  4432 | D:5      | Killed Dowan
  4457 | D:5      | Reached XP level 8. HP: 32/70 MP: 7/7
  4641 | D:5      | Reached skill level 5 in Armour
  5386 | D:5      | Found an ornate altar of the Wu Jian Council.
  5829 | D:6      | Noticed Eustachio
  5849 | D:6      | Reached XP level 9. HP: 59/79 MP: 8/8
  5958 | D:6      | Killed Eustachio
  5990 | D:6      | Found a runed translucent gate.
  6005 | D:6      | Found a runed translucent gate.
  6005 | D:6      | Found a runed translucent gate.
  6352 | D:6      | Reached skill level 10 in Long Blades
  6698 | D:6      | Noticed Blork the orc
  6713 | D:6      | Killed Blork the orc
  6849 | D:6      | Noticed Nilihum's ghost (novice NaTm)
  7156 | D:6      | Found a glowing golden altar of the Shining One.
  7156 | D:6      | Found a sacrificial altar of Ru.
  7160 | D:6      | Became a worshipper of the Shining One
  7160 | D:6      | Reached * piety under the Shining One
  7160 | D:6      | Reached ** piety under the Shining One
  7227 | D:6      | Got a pair of ichor-stained boots
  7238 | D:6      | Identified the +1 pair of boots "Epteg" {rPois rC- rN+++
                  | Stlth+} (You found it on level 6 of the Dungeon)
  7673 | D:7      | Found a staircase to the Ecumenical Temple.
  8033 | D:6      | Noticed a rust devil
  8033 | D:6      | Noticed a rust devil
  8366 | D:7      | Killed a rust devil
  8607 | D:6      | Found the +27 Lear's hauberk
  8611 | D:6      | Killed a rust devil
  8611 | D:6      | Reached XP level 10. HP: 84/90 MP: 9/9
  8801 | D:8      | Noticed a two-headed ogre
  8810 | D:8      | Killed a two-headed ogre
  8864 | D:8      | Found a staircase to the Lair.
  9231 | D:8      | Reached *** piety under the Shining One
  9319 | D:8      | Noticed a two-headed ogre
  9324 | D:8      | Killed a two-headed ogre
  9558 | D:9      | Found a shimmering blue altar of Sif Muna.
  9589 | D:9      | Reached XP level 11. HP: 98/99 MP: 10/10
  9628 | D:9      | Reached skill level 10 in Fighting
  9836 | D:9      | Found Povom's Weapon Shop.
  9869 | D:9      | Found a staircase to the Orcish Mines.
 10015 | D:9      | Found a hazy altar of Hepliaklqana.
 10161 | D:10     | Entered Level 10 of the Dungeon
 10211 | D:10     | Noticed a two-headed ogre
 10218 | D:10     | Killed a two-headed ogre
 10218 | D:10     | Reached skill level 1 in Invocations
 10405 | D:10     | Reached **** piety under the Shining One
 10657 | D:11     | Identified Teushruk's Incunabulum of Dislocation and
                  | Enchantment
 10990 | D:11     | Noticed a white ugly thing
 11001 | D:11     | Killed a white ugly thing
 11262 | D:11     | Reached skill level 10 in Armour
 11353 | D:11     | Noticed Nergalle
 11355 | D:11     | Noticed a spectral orc warlord
 11385 | D:11     | Noticed a spectral orc warlord
 11400 | D:11     | Killed Nergalle
 11467 | D:11     | Reached skill level 5 in Invocations
 11496 | D:11     | Reached ***** piety under the Shining One
 11504 | D:11     | Reached XP level 12. HP: 107/108 MP: 14/14
 11731 | D:12     | Noticed an eight-headed hydra
 11755 | D:12     | HP: 5/108 [eight-headed hydra (11)]
 12280 | Lair:1   | Entered Level 1 of the Lair of Beasts
 12439 | Lair:1   | Noticed a four-headed hydra
 12446 | Lair:1   | Killed a four-headed hydra
 13020 | Lair:2   | Noticed Fannar
 13038 | Lair:2   | Killed Fannar
 13038 | Lair:2   | Reached skill level 15 in Long Blades
 13545 | Lair:2   | Noticed a four-headed hydra
 13552 | Lair:2   | Killed a four-headed hydra
 14404 | Lair:2   | Noticed a six-headed hydra
 14413 | Lair:2   | Killed a six-headed hydra
 14797 | Lair:3   | Reached XP level 13. HP: 117/117 MP: 18/18
 16166 | Lair:4   | Found a hole to the Spider Nest.
 17186 | Lair:5   | Found a runed translucent gate.
 17187 | Lair:5   | Found a runed translucent gate.
 17187 | Lair:5   | Noticed Fica's ghost (journeyman HaHu)
 17188 | Lair:5   | Found a runed translucent gate.
 17335 | Lair:5   | Found a dark tunnel.
 17342 | Volcano  | Entered a volcano
 17618 | Volcano  | Noticed a red draconian
 17642 | Volcano  | Killed a red draconian
 17642 | Volcano  | Reached skill level 10 in Invocations
 17709 | Volcano  | Found a radiant altar of Vehumet.
 18467 | Lair:5   | Reached XP level 14. HP: 127/127 MP: 20/20
 18628 | Lair:6   | Entered Level 6 of the Lair of Beasts
 18746 | Lair:6   | Found a gate leading to a gauntlet.
 18761 | Gauntlet | Entered a Gauntlet
 18761 | Gauntlet | Found a transporter.
 18761 | Gauntlet | Found a transporter.
 19037 | Gauntlet | Found a transporter.
 19041 | Gauntlet | Found a transporter.
 19050 | Gauntlet | Found a transporter.
 19053 | Gauntlet | Found a transporter.
 19057 | Gauntlet | Found a runed translucent door.
 19059 | Gauntlet | Found a runed translucent door.
 19061 | Gauntlet | Found a transporter.
 19076 | Gauntlet | Found a runed translucent gate.
 19077 | Gauntlet | Found a transporter.
 19077 | Gauntlet | Found a runed translucent gate.
 19078 | Gauntlet | Found a runed translucent gate.
 19091 | Gauntlet | Found a transporter.
 19095 | Gauntlet | Found a transporter.
 19106 | Gauntlet | Found a transporter.
 19107 | Gauntlet | Found a transporter.
 19146 | Gauntlet | Found a transporter.
 19179 | Gauntlet | Found a transporter.
 19179 | Gauntlet | Found a transporter.
 19182 | Gauntlet | Found a transporter.
 19182 | Gauntlet | Found a transporter.
 19218 | Gauntlet | Found a runed translucent gate.
 19218 | Gauntlet | Found a runed translucent gate.
 19218 | Gauntlet | Found a runed translucent gate.
 19221 | Gauntlet | Found a runed translucent door.
 19223 | Gauntlet | Found a runed translucent door.
 19227 | Gauntlet | Found a transporter.
 19227 | Gauntlet | Found a transporter.
 19310 | Gauntlet | Identified the +2 large shield of Hadjma {Str+4}
 19578 | Gauntlet | Got a pair of ichor-stained boots
 19579 | Gauntlet | Identified the +0 pair of boots of Soid {rPois rN+ Int+5}
                  | (You found it in a Gauntlet)
 19811 | Gauntlet | Identified Diushim's Almanac of Unholy Execration
 19983 | Lair:6   | Found a staircase to the Slime Pits.
 19984 | Lair:6   | Found a viscous altar of Jiyva.
 21034 | Lair:6   | Reached skill level 10 in Dodging
 21869 | Orc:1    | Entered Level 1 of the Orcish Mines
 22385 | Orc:1    | Reached XP level 15. HP: 137/137 MP: 23/23
 22807 | Orc:2    | Entered Level 2 of the Orcish Mines
 22922 | Orc:2    | Noticed an orc warlord
 22941 | Orc:2    | Killed an orc warlord
 24014 | Orc:2    | Found Soyceoh's General Store.
 24014 | Orc:2    | Found Cerchim's General Store.
 24016 | Orc:2    | Found Weec's General Store.
 24018 | Orc:2    | Found Ciaryr's Weapon Shop.
 24214 | Orc:2    | Found a bloodstained altar of Trog.
 24406 | Orc:2    | Found a staircase to the Elven Halls.
 24748 | Orc:2    | Bought a scroll of magic mapping for 56 gold pieces
 24748 | Orc:2    | Bought a potion of might for 64 gold pieces
 24756 | Orc:2    | Bought a scroll of immolation for 38 gold pieces
 25277 | D:12     | Noticed Psyche
 25283 | D:12     | Killed Psyche
 25437 | D:12     | Reached ****** piety under the Shining One
 25629 | D:13     | Noticed Kirke
 25640 | D:13     | Noticed a sphinx
 25640 | D:13     | Killed Kirke
 26475 | D:13     | Found a gate to the Vaults.
 27271 | D:14     | Found a bloodstained altar of Trog.
 27345 | D:14     | Noticed Rupert
 27347 | D:14     | Paralysed by Rupert for 6 turns
 27356 | D:14     | Killed Rupert
 27357 | D:14     | Found a shadowy altar of Dithmenos.
 27786 | D:14     | Reached XP level 16. HP: 124/147 MP: 25/25
 28095 | D:14     | Noticed Azrael
 28109 | D:14     | Killed Azrael
 28113 | D:14     | Reached skill level 15 in Fighting
 28490 | D:15     | Entered Level 15 of the Dungeon
 28494 | D:15     | Noticed Louise
 28623 | D:15     | Killed Louise
 28657 | D:15     | Found a staircase to the Depths.
 29438 | D:15     | Noticed Agnes
 29454 | D:15     | Killed Agnes
 29677 | D:15     | Reached skill level 15 in Armour
 30452 | D:6      | Killed Nilihum's ghost
 30824 | Lair:5   | Killed Fica's ghost
 30834 | Lair:5   | Got a bloodstained scimitar
 30835 | Lair:5   | Identified the +5 scimitar "Ultimatum" {slice, +Inv rC-
                  | MP+9} (You found it on level 5 of the Lair of Beasts)
 31376 | Lair:3   | Found a staircase to the Swamp.
 31754 | Swamp:1  | Entered Level 1 of the Swamp
 32403 | Swamp:1  | Reached skill level 1 in Crossbows
 32575 | Swamp:1  | Reached skill level 15 in Invocations
 32778 | Swamp:2  | Noticed a thorn hunter
 33502 | Swamp:2  | Killed a thorn hunter
 34244 | Swamp:2  | Got twisted fire dragon scales
 34255 | Swamp:2  | Identified the +1 fire dragon scales of the Prince of
                  | Darkness {rF++ rC- MR+} (You found it on level 2 of the
                  | Swamp)
 34289 | Swamp:2  | Noticed Nikola
 34306 | Swamp:2  | Killed Nikola
 36194 | Swamp:3  | Noticed Donald
 36206 | Swamp:3  | Killed Donald
 36206 | Swamp:3  | Reached XP level 17. HP: 158/158 MP: 27/27
 36699 | Swamp:4  | Entered Level 4 of the Swamp
 36721 | Swamp:4  | Reached skill level 5 in Crossbows
 38062 | Swamp:4  | Got a decaying rune of Zot
 39355 | Spider:1 | Entered Level 1 of the Spider Nest
 39813 | Spider:1 | Identified 2 scrolls of acquirement
 40073 | Spider:1 | Got a pair of shimmering boots
 40084 | Spider:1 | Identified the +1 pair of boots of a Gauntlet {Int+3 Dex+4
                  | Stlth+} (You acquired it on level 1 of the Spider Nest)
 40374 | Spider:1 | Noticed Jorgrun
 40388 | Spider:1 | Killed Jorgrun
 40548 | Spider:1 | Identified Roxanne's Collected Works on Earth
 40548 | Spider:1 | Noticed Roxanne
 40583 | Spider:1 | Killed Roxanne
 41014 | Spider:1 | Identified the Incunabulum of Poisoning and Stolen Souls
 41020 | Spider:1 | Noticed Aizul
 41039 | Spider:1 | Killed Aizul
 41804 | Spider:2 | Reached XP level 18. HP: 129/168 MP: 29/29
 41809 | Spider:2 | Reached skill level 10 in Crossbows
 41998 | Spider:2 | Noticed Arachne
 42012 | Spider:2 | Killed Arachne
 42928 | Spider:4 | Entered Level 4 of the Spider Nest
 45240 | Spider:4 | Got a gossamer rune of Zot
 45765 | Vaults:1 | Entered Level 1 of the Vaults
 46574 | Vaults:1 | Reached skill level 1 in Evocations
 48220 | Vaults:1 | Reached XP level 19. HP: 113/179 MP: 30/30
 49801 | Vaults:2 | Reached skill level 5 in Evocations
 50687 | Vaults:2 | Paralysed by a sphinx for 2 turns
 51026 | Vaults:2 | Identified the +6 bardiche "Initued" {holy, *Noise +Fly
                  | MR+++ Dex-2}
 51374 | Vaults:2 | Found a staircase to the Crypt.
 51374 | Vaults:2 | Found a basalt altar of Yredelemnul.
 51375 | Vaults:2 | Found an ancient bone altar of Kikubaaqudgha.
 51551 | Vaults:2 | Found the +8 orange crystal plate armour {Archmagi, Int+3
                  | Clar}
 51986 | Vaults:2 | Identified Vymudik's Grimoire of Blistering Contamination
 52221 | Vaults:3 | Reached XP level 20. HP: 166/189 MP: 15/31
 52226 | Vaults:3 | Reached skill level 15 in Crossbows
 52484 | Vaults:3 | Noticed Frederick
 52508 | Vaults:3 | Killed Frederick
 52518 | Vaults:3 | Paralysed by a great orb of eyes for 3 turns
 54876 | Vaults:3 | Paralysed by a hornet for 3 turns
 55633 | Elf:1    | Entered Level 1 of the Elven Halls
 56155 | Elf:1    | You fall into a shaft and drop 1 floor!
 56287 | Elf:2    | Found a radiant altar of Vehumet.
 56302 | Elf:2    | Gained mutation: Your spells are a little easier to cast,
                  | but a little less powerful. [a neqoxec]
 56564 | Elf:1    | Found Eshriuf's One-of-a-Kind Books.
 56916 | Elf:1    | Identified the Catalogue of Mysticism
 57138 | Elf:1    | You fall into a shaft and drop 1 floor!
 57664 | Elf:2    | Reached skill level 10 in Evocations
 57905 | Elf:2    | Found a radiant altar of Vehumet.
 58153 | Elf:2    | Found a huge runed translucent gate.
 58153 | Elf:2    | Found a huge runed translucent gate.
 58153 | Elf:2    | Found a huge runed translucent gate.
 58153 | Elf:2    | Found a huge runed translucent gate.
 58153 | Elf:2    | Found a huge runed translucent gate.
 58192 | Elf:2    | Reached XP level 21. HP: 158/198 MP: 32/32
 59673 | Depths:1 | Entered Level 1 of the Depths
 60737 | Depths:1 | Found a one-way gate leading to the halls of Pandemonium.
 61013 | Depths:1 | Paralysed by a floating eye for 2 turns
 61019 | Depths:1 | Paralysed by a floating eye for 4 turns
 61057 | Depths:1 | Got a bloodstained long sword
 61058 | Depths:1 | Identified the +9 long sword "Maprec" {antimagic, -Tele
                  | rPois rF+++} (You found it on level 1 of the Depths)
 61518 | Depths:1 | Found a gateway to Hell.
 62075 | Depths:2 | Identified the Reference Book on Hexes and Venom
 62422 | Depths:3 | Paralysed by a great orb of eyes for 3 turns
 63878 | Depths:2 | Found a large runed translucent door.
 63879 | Depths:2 | Found a large runed translucent door.
 63912 | Depths:2 | Reached XP level 22. HP: 148/211 MP: 33/33
 64381 | Depths:2 | Found a runed translucent door.
 66565 | Depths:2 | Killed from afar by a crystal guardian

Levels and vault maps discovered:
D:1:      dpeg_arrival_ternary, layout_basic, serial_glass, glass_columns_b,
          glass_columns_a, item_on_display_a, item_on_display_a,
          minmay_strange_pillars, feat_on_display
D:2:      minmay_roachtagon, layout_loops_ring, lemuel_crystal_altar,
          elyvilon_altar_5
D:3:      layout_rooms, nicolae_overflow_crystal_walls,
          nemelex_xobeh_ov_fountains_minmay, serial_glass, glass_columns_a,
          glass_columns_a, glass_columns_b, glass_columns_c, glass_columns_c,
          glass_columns_a, lemuel_statue_altar, uniq_sigmund
D:4:      layout_basic, dk_yredelemnul_ordeal
D:5:      layout_loops_ring, marbit_many_paths, gup_sewer_entry_spiral,
          first_ration, minmay_manual_monolith, uniq_duvessa
D:6:      cheibrodos_iron_armory, layout_basic,
          gammafunk_temple_overflow_elements, ebering_ghost_rock_garden,
          uniq_blork_the_orc, uniq_eustachio
D:7:      layout_basic, temple_statues
D:8:      layout_basic, lair_entry_dummy, david_nohive_1
D:9:      layout_rooms, old_standard_altar, lemuel_crystal_altar, orc_0_dummy,
          serial_shops, kennysheep_mini
D:10:     layout_basic
D:11:     layout_irregular_city, serial_bayou_lake_a, uniq_nergalle
D:12:     layout_loops_cross, hex_medium, uniq_psyche
D:13:     layout_loops_corners, grunt_vaults_entry_fortified, uniq_kirke
D:14:     layout_loops_corners, minmay_crystal_water, basic_altar,
          nicolae_dithmenos_shadow_blocks, uniq_rupert, uniq_azrael
D:15:     gammafunk_depths_entry_grave, layout_cave_pools,
          grunt_decor_mini_mirrors, uniq_louise, uniq_agnes
Lair:1:   layout_roguey
Lair:2:   cheibrodos_lair_river_kwai, layout_gridlike, lemuel_fruit_tree,
          uniq_fannar
Lair:3:   cheibrodos_magma_flow, layout_chaotic_city, palyth_hydra_swamp_entry,
          grunt_forest_small_clearings
Lair:4:   dpeg_oklob_gauntlet, layout_gridlike, spider_nest_entry_webs
Lair:5:   beast_lair_carwin_large_2, layout_misc_corridors,
          gammafunk_ghost_hydra_chop, enter_volcano_3
Lair:6:   grunt_lair_end_beastmaster, layout_hall_layers, slime_altar_1,
          gauntlet_entry_generic, st_stairs_6, hangedman_lair_generics_rect
Swamp:1:  layout_basic_swamp, evilmike_swamp_ruin_house_3, swamp_pool3
Swamp:2:  layout_basic_swamp, evilmike_swamp_ruin_house_5, uniq_nikola
Swamp:3:  layout_basic_swamp, evilmike_swamp_ruin_house_4, swamp_pool1,
          uniq_donald
Swamp:4:  swamp_alternative, layout_basic_swamp, infiniplex_staircase_pool
Spider:1: layout_spider_delve, drop_trap, uniq_roxanne, uniq_aizul, uniq_jorgrun
Spider:2: layout_spider_delve, uniq_arachne
Spider:3: layout_spider_delve
Spider:4: grunt_spider_rune_parallel
Orc:1:    layout_diamond_mine, special_room [special_room_orc]
Orc:2:    st_orc_rangers, layout_caves, bloody_trog
Elf:1:    eino_elf_arrival_shootout, layout_geoelf_diagonals,
          minmay_elf_necromancy, nicolae_rare_books,
          einodemon_armed_red_devil_minivault
Elf:2:    layout_geoelf_diagonals, hangedman_feature_mirror,
          minmay_misc_feat_diagonals
Vaults:1: v_misc_11, nicolae_vaults_ring_of_whatevers, v_misc_22,
          nicolae_vaults_asterisk, vaults_room_grunt_arrival_ludios, v_misc_31,
          vaults_room_large_hall, dpeg_vaults_waves, v_alt_pattern_1,
          vaults_room_corners, nicolae_vaults_alarming, layout_vaults_quadrants
Vaults:2: st_greater_box_2, minmay_crypt_entry_necro_gods,
          nicolae_vaults_little_squares_1, layout_vaults_chaotic_city
Vaults:3: nicolae_vaults_specimen_jars, v_misc_17, dpeg_vaults_monster_row,
          hangedman_vaults_slither, nicolae_vaults_little_squares_1,
          nicolae_vaults_network_square, nicolae_vaults_ring_of_whatevers,
          nicolae_vaults_network_s, ontoclasm_vaults_chip,
          vaults_room_guarded_vault, nicolae_vaults_diagonal_hallway_7,
          vaults_room_door_hall, vaults_dpeg_ring, ontoclasm_vaults_fault,
          layout_vaults_omnicross, uniq_frederick
Depths:1: layout_roguey, pan_entry, lightli_too_deep, minmay_evil_grid
Depths:2: lightli_eight_chambers, layout_twisted_cross, hell_entry,
          nrook_mini_backslash, rand_demon_pan_entry_4, minmay_crystal_box
Depths:3: lemuel_castle_with_subvaults [lemuel_castle_interior_original],
          layout_basic, ziggurat_fallback, chequers_serial_rivers_small_3,
          hell_entry, pan_entry, serial_bayou_pond_b

Skill      XL: |  1  2  3  4  5  6  7  8  9 10 11 12 13 14 15 16 17 18 19 20 21 22 |
---------------+-------------------------------------------------------------------+-----
Long Blades    | 4 5 6 8 9 11 12 14 15 17 | 17.5
Armour         | 1 2 3 4 6 7 9 10 11 12 13 14 15 16 17 18 19 20 21 | 21.2
Fighting       | 4 5 6 7 8 9 10 11 12 13 14 15 16 17 18 19 20 21 | 21.4
Dodging        | 4 5 6 7 9 10 11 12 | 12.3
Invocations    | 5 8 10 12 13 15 16 | 16.0
Crossbows      | 4 9 13 14 16 18 | 18.0
Evocations     | 2 7 10 | 10.0
Stealth        | |  1.5

Action                   |  1- 3 |  4- 6 |  7- 9 | 10-12 | 13-15 | 16-18 | 19-21 | 22-24 || total
-------------------------+-------+-------+-------+-------+-------+-------+-------+-------++-------
Melee: Falchion          |    67 |    95 |   308 |       |       |       |       |       ||   470
       Headbutt          |    16 |    17 |   113 |   155 |   381 |   415 |   404 |    77 ||  1578
       Scimitar          |       |       |    26 |   567 |  1073 |  1286 |  1128 |   217 ||  4297
       Morningstar       |       |       |       |    33 |    54 |       |       |       ||    87
       Long sword        |       |       |       |       |       |       |     9 |       ||     9
 Fire: Arbalest          |       |       |       |       |       |   367 |   540 |    30 ||   937
Invok: Divine Shield     |       |       |       |     4 |     3 |     4 |     7 |     1 ||    19
       Summon Divine War |       |       |       |     1 |    10 |    12 |    13 |     2 ||    38
       Cleansing Flame   |       |       |       |       |       |     1 |    12 |       ||    13
Evoke: Wand              |       |       |       |       |     3 |       |       |       ||     3
  Use: Potion            |       |     4 |     3 |     1 |     1 |     1 |     4 |       ||    14
       Scroll            |       |     2 |       |    10 |    13 |    14 |     8 |     1 ||    48
 Stab: Sleeping          |     2 |       |     1 |       |       |       |       |       ||     3
  Eat: Chunk             |     3 |     6 |     9 |    20 |    33 |    32 |    46 |     8 ||   157
       Ration            |       |       |     2 |     1 |     3 |    11 |     3 |       ||    20
Armor: Leather armour    |    16 |    21 |    10 |       |       |       |       |       ||    47
       Chain mail        |       |       |   105 |   432 |   871 |   513 |       |       ||  1921
       Crystal plate arm |       |       |       |       |       |   562 |   911 |   130 ||  1603
Dodge: Dodged            |    46 |    66 |   172 |   410 |   813 |  1014 |   596 |    81 ||  3198
       Deflected         |       |     1 |     1 |       |    35 |       |    67 |     8 ||   112
Block: Other             |       |       |       |    74 |   354 |   409 |   404 |    37 ||  1278
       Reflection        |       |       |       |     1 |    62 |    10 |    48 |     3 ||   124
       Rpst.: Falchion   |    12 |    20 |    33 |       |       |       |       |       ||    65
       Scimitar          |       |       |     2 |    89 |   141 |   158 |    96 |    14 ||   500
